 Dungeon Crawl Stone Soup version 0.20-a0-433-g9e36e56 (webtiles) character file.

28 mopl the Grave Robber (level 3, -1/29 HPs)
             Began as a Hill Orc Wanderer on Jan 3, 2017.
             Slain by an adder (2 damage)
             ... on level 1 of the Dungeon.
             The game lasted 00:01:51 (1765 turns).

mopl the Grave Robber (Hill Orc Wanderer)           Turns: 1765, Time: 00:01:52

Health: -1/29      AC:  6    Str: 15    XL:     3   Next: 14%
Magic:  4/4        EV: 10    Int:  9    God:
Gold:   120        SH:  0    Dex: 13    Spells: 4/4 levels left

rFire  . . .     SeeInvis .     e - +0 club
rCold  . . .     Gourm    .     k - +0 ring mail
rNeg   . . .     Faith    .     (no shield)
rPois  .         Spirit   .     (no helmet)
rElec  .         Reflect  .     (no cloak)
rCorr  .         Harm     .     h - +0 pair of gloves
MR     .....                    (no boots)
Stlth  +.........               (no amulet)
                                (no ring)
                                (no ring)

@: lethally poisoned (-1 -> -12), about to teleport
A: no striking features
a: no special abilities


You were on level 1 of the Dungeon.
You were not hungry.

You visited 1 branch of the dungeon, and saw 2 of its levels.

You collected 120 gold pieces.

Inventory:

Hand Weapons
 e - a +0 club (weapon)
Armour
 d - a +0 robe
 h - a +0 pair of gloves (worn)
 k - a +0 ring mail (worn)
Scrolls
 i - a scroll of amnesia {unknown}
 j - a scroll of identify {unknown}
Books
 a - a book of Necromancy

   Spells                             Type                      Level
   a - Pain                           Necromancy                   1
   b - Animate Skeleton               Necromancy                   1
   c - Vampiric Draining              Necromancy                   3
   d - Regeneration                   Charms/Necromancy            3
   e - Animate Dead                   Necromancy                   4
   f - Control Undead                 Necromancy                   4
 b - the Tome of Conjuration

   Spells                             Type                      Level
   a - Throw Flame                    Conjuration/Fire             2
   b - Searing Ray                    Conjuration                  2
 c - Sif Muna's Grimoire of Cold

   Spells                             Type                      Level
   a - Throw Frost                    Conjuration/Ice              2
   b - Ensorcelled Hibernation        Hexes/Ice                    2
Comestibles
 f - a bread ration
 l - 2 meat rations


   Skills:
 + Level 2.3 Fighting
 - Level 1.0 Throwing
 + Level 1.8 Armour
 - Level 1.0 Spellcasting
   Level 1.7 Charms
   Level 1.0 Summonings
   Level 3.0 Necromancy
   Level 1.1 Fire Magic
   Level 1.0 Evocations


You had 4 spell levels left.
You didn't know any spells.

Dungeon Overview and Level Annotations

Branches:
Dungeon (2/15)

Altars:


Message History

The adder bites you but does no damage. The adder bites you.
You are more poisoned.
The adder poisons you!
You closely miss the adder.
The adder is heavily wounded.
You feel sick. The adder closely misses you. The adder bites you.
* * * LOW HITPOINT WARNING * * *
You are more poisoned.
The adder poisons you!
You hit the adder.
The adder is severely wounded.
* * * LOW HITPOINT WARNING * * *
You feel sick. The adder bites you.
* * * LOW HITPOINT WARNING * * *
You aren't carrying any potions.
As you read the scroll labeled PADGHA LUGONAI, it crumbles to dust.
You feel strangely unstable.
It was a scroll of teleportation.
* * * LOW HITPOINT WARNING * * *
You feel sick. The adder bites you.
You die...

##.#######.....##
#.....).........#
###########..######.......#
......>......######.).....#######
###.#.........##.................
#.#.######..##.##.......#######
#.#.##.........##.......#
#...##.###.(#####.......#
##..##.# #...S@......##.# #..##.#
########.#####.# #..##.########
#.# #.# #..##........# #.#####.#
#..#########.# #.#.....# ####..#
#.# #......## ......# #.#
#.......# ####.## #.# ##[.....#
### #.# #.# ##...#.# #..


You could see an adder.

Vanquished Creatures
  2 dart slugs (D:1)
  3 bats (D:1)
  2 giant cockroaches (D:1)
  A goblin (D:1)
  2 hobgoblins (D:1)
  4 jackals (D:1)
  6 kobolds (D:1)
  3 rats (D:1)
23 creatures vanquished.

Notes
Turn   | Place    | Note
-------+----------+-------------------------------------------
     0 | D:1      | mopl the Hill Orc Wanderer began the quest for the Orb.
     0 | D:1      | mopl set off with: a book of Necromancy, the Tome of Conjuration, Sif Muna's Grimoire of Cold, a +0 robe, a +0 club, a bread ration
     0 | D:1      | Reached XP level 1. HP: 14/14 MP: 2/2
    80 | D:1      | Reached skill level 1 in Fighting
   413 | D:1      | Reached skill level 1 in Armour
   413 | D:1      | Reached XP level 2. HP: 6/23 MP: 3/3
   991 | D:1      | Reached skill level 2 in Fighting
  1031 | D:1      | Reached XP level 3. HP: 6/29 MP: 4/4
  1765 | D:1      | HP: 1/29 [poisoned by an adder]
  1765 | D:1      | Slain by an adder

Vault maps used:
D:1:      lightli_arrival_isolated_outpost

Skill      XL: |  1  2 |
---------------+-------+-----
Fighting       | 1 2 |  2.3
Armour         | 1 |  1.8
Throwing       | |  1.0
Spellcasting   | |  1.0
Charms         | |  1.7
Summonings     | |  1.0
Necromancy     | |  3.0
Fire Magic     | |  1.1
Evocations     | |  1.0

Action                   || total
-------------------------++-------
Melee: Club              ||   163
  Use: Scroll            ||     1
  Eat: Chunk             ||     3
Armor: Robe              ||    29
       Ring mail         ||    57
Dodge: Dodged            ||   123
